 Dungeon Crawl Stone Soup version 0.14-a0-1837-g7fb8695 (webtiles) character file.

314 Jenx the Ruffian (level 5, -5/50 HPs)
             Began as a Troll Monk on Jan 10, 2014.
             Was a Follower of Okawaru.
             Slain by Sigmund
             ... wielding a +1,+6 scythe of dragon slaying
              (10 damage)
             ... on Level 3 of the Dungeon.
             The game lasted 00:05:26 (1394 turns).

Jenx the Ruffian (Troll Monk)                       Turns: 1394, Time: 00:05:26

HP  -5/50        AC  7     Str 19      XL: 5   Next: 33%
MP   0/2         EV 13     Int  6      God: Okawaru [*.....]
Gold 135         SH  0     Dex 13      Spells:  0 memorised,  4 levels left

rFire  . . .     SeeInvis .       - Unarmed
rCold  . . .     Clarity  .     a - +0 robe
rNeg   . . .     Conserve +     (shield restricted)
rPois  .         rCorr    +     (helmet restricted)
rElec  .         rRot     .     E - +1 cloak {rCorr, Cons}
SustAb . .       Spirit   .     (gloves unavailable)
rMut   .         Warding  .     (boots unavailable)
Gourm  +         Stasis   .     (no amulet)
                                (no ring)
                                (no ring)

@: heroism, slightly resistant to hostile enchantments, stealthy
A: unfitting armour, claws 3, fast metabolism 3, gourmand, regeneration 2,
saprovore 2, shaggy fur 1, tough skin 2
a: Heroism, Renounce Religion


You were on level 3 of the Dungeon.
You worshipped Okawaru.
Okawaru was aware of your devotion.
You were very full.

You visited 1 branch of the dungeon, and saw 3 of its levels.

You collected 135 gold pieces.

Inventory:

Hand weapons
 g - a +2,+3 quarterstaff of chaos
 B - a +1,+0 dagger of venom
Missiles
 d - 14 darts of frost (quivered)
 r - 4 needles of confusion
 H - 5 tomahawks
Armour
 a - a +0 robe (worn)
 E - a +1 cloak of preservation (worn)
Comestibles
 b - 2 meat rations
 f - a pear
 s - a choko
 v - a rotting chunk of rat flesh
 w - a rotting chunk of quokka flesh
 A - a rotting chunk of giant cockroach flesh
 C - a chunk of giant newt flesh
 D - a bread ration
 F - a chunk of giant cockroach flesh
 G - a chunk of bat flesh
Scrolls
 e - 3 scrolls of identify {unknown}
 h - a scroll of noise {unknown}
 i - a scroll of amnesia {unknown}
 j - a scroll of enchant armour {unknown}
 l - 2 scrolls of teleportation {unknown}
 m - a scroll of curse weapon {unknown}
 o - a scroll of fear {unknown}
 t - a scroll of blinking {unknown}
 u - a scroll of enchant weapon II {unknown}
 y - a scroll of enchant weapon I {unknown}
Jewellery
 n - an uncursed amulet of the gourmand {unknown}
Potions
 c - a potion of agility {unknown}
 k - a potion of flight {unknown}
 p - a potion of speed {unknown}
 z - 2 potions of curing {unknown}


   Skills:
 - Level 2.4(7.4) Fighting
 - Level 2.4(7.4) Dodging
 - Level 1.1(6.1) Stealth
 * Level 6.6(11.6) Unarmed Combat


You had 4 spell levels left.
You didn't know any spells.

Dungeon Overview and Level Annotations

Branches:
Dungeon (3/16)

Altars:
Elyvilon
Fedhas
Okawaru

Annotations:
D:3 Sigmund


Innate Abilities, Weirdness & Mutations

You are too large for most types of armour.
You have claws for hands.
Your metabolism is lightning-fast.
You like to eat raw meat.
You heal very quickly.
You can eat rotten meat.
You are covered in fur (AC +1).
You have very tough skin (AC +2).


Message History

Something hits you.
You miss something.
Ouch! Something hits you.
Ouch! You feel less confused. Something hits you.
You closely miss something. You miss something. Something hits you!
* * * LOW HITPOINT WARNING * * *
You hit something but do no damage. Something hits you!
* * * LOW HITPOINT WARNING * * *
You closely miss something. You barely miss something. Something hits you.
* * * LOW HITPOINT WARNING * * *
You claw something!
You hear the slow rusting of a distant drain.
Use which ability? (? or * to list)
You gain the combat prowess of a mighty hero.
You feel slightly less full. Something hits you!
You die...

... #.. # #.. <..##..
##########.#
........#############...........
#..........[....#...####..
#.###.###.######.....# ... #..#
#.# ##...## ..##.#...# #@# ##.##
#.# #.##.## #.# #.# #. #. #.#
#.# #......r..# ##'##
###..####.# ##...## . #.#
##.....## ..# ##.......## ..#
#.........### ... +........))..


There were no monsters in sight!

Vanquished Creatures
  Crazy Yiuf (D:2)
  2 orc wizards (D:3)
  A gnoll (D:1)
  2 adders (D:2)
  A giant mite (D:2)
  An ooze (D:2)
  2 orcs (D:3)
  10 bats
  5 giant cockroaches (D:2)
  4 hobgoblins
  11 jackals
  A quokka (D:2)
  4 giant newts
  9 goblins
  4 kobolds (D:1)
  7 rats
65 creatures vanquished.

Notes
Turn   | Place    | Note
--------------------------------------------------------------
     0 | D:1      | Jenx, the Troll Monk, began the quest for the Orb.
     0 | D:1      | Reached XP level 1. HP: 22/22 MP: 1/1
   197 | D:1      | Reached XP level 2. HP: 27/29 MP: 1/1
   419 | D:1      | Reached skill level 5 in Unarmed Combat
   419 | D:1      | Reached XP level 3. HP: 32/36 MP: 2/2
   706 | D:2      | Found an iron altar of Okawaru.
   706 | D:2      | Found a white marble altar of Elyvilon.
   717 | D:2      | Became a worshipper of Warmaster Okawaru
   717 | D:2      | Acquired Okawaru's first power
   826 | D:2      | Found a blossoming altar of Fedhas.
   869 | D:2      | Reached XP level 4. HP: 41/44 MP: 2/2
  1213 | D:2      | Noticed Crazy Yiuf
  1223 | D:2      | HP: 2/44 [Crazy Yiuf/quarterstaff of chaos (2)]
  1227 | D:2      | Killed Crazy Yiuf
  1227 | D:2      | Reached skill level 6 in Unarmed Combat
  1244 | D:2      | Identified a +1 cloak of preservation (You took it off Crazy Yiuf on level 2 of the Dungeon)
  1312 | D:3      | Reached XP level 5. HP: 39/50 MP: 0/2
  1356 | D:3      | Noticed Sigmund
  1394 | D:3      | Slain by Sigmund

Action                   |  1- 3 |  4- 6 || total
-------------------------+-------+-------++-------
Melee: Unarmed           |    98 |    66 ||   164
Throw: Dart              |       |     5 ||     5
Invok: Heroism           |       |     2 ||     2
  Use: Potion            |       |     2 ||     2
 Stab: Sleeping          |       |     1 ||     1
